Map: Port Aleksander LE

Players

DaJoDaf

  • Race: Zerg Zerg
  • League: Gold
  • Spawn Location: 5:00

Mesrob - Winner!

  • Race: Terran Terran
  • League: Gold
  • Spawn Location: 11:00

VOD

Have the link to the VOD?

Description

Time

  • Played on: Jan. 11, 2019, 11:38 a.m.
  • Length: 24:12
Show
View Real Time Build Order
Export as new Build Order

DaJoDaf Zerg 

Build Orders: Hatch First, Swarm Host 

Get SALT Encoding   

  12  0:01  Drone  
  13  0:08  Drone  
  14  0:18  Overlord  
  14  0:37  Drone x2  
  14  0:39  Drone  
  17  0:47  Drone  
  18  1:00  Hatchery  
  18  1:01  Drone  
  18  1:04  Extractor  
  17  1:15  Drone  
  18  1:20  Spawning Pool  
  17  1:26  Drone  
  18  1:33  Drone  
  19  1:41  Drone  
  20  1:52  Overlord  
  20  2:07  Queen  
  22  2:12  Queen  
  22  2:14  Zergling x6  
  27  2:22  Metabolic Boost  
  27  2:25  Drone  
  27  2:26  Drone  
  29  2:42  Drone  
  29  2:43  Drone  
  31  2:45  Drone  
  32  2:55  Queen  
  32  2:57  Pneumatized Carapace  
  34  3:00  Drone  
  34  3:01  Extractor, Drone x2  
  36  3:13  Overlord  
  36  3:31  Drone x8  
  44  3:51  Lair  
  44  3:53  Overlord x2  
  44  3:59  Extractor  
  44  4:00  Drone  
  44  4:01  Extractor, Drone  
  44  4:29  Drone  
  44  4:30  Drone x2  
  47  4:32  Queen  
  47  4:38  Drone x4  
  53  4:48  Evolution Chamber  
  52  4:53  Evolution Chamber  
  52  4:55  Drone x5  
  56  5:09  Drone x4  
  56  5:10  Hatchery  
  59  5:29  Hydralisk Den, Overlord  
  59  5:30  Overlord x2  
  58  5:54  Zerg Ground Armor Level 1  
  58  5:55  Zerg Missile Weapons Level 1  
  58  5:59  Zergling x10  
  58  6:00  Zergling x14  
  70  6:16  Hatchery  
  69  6:19  Drone  
  69  6:20  Drone  
  69  6:21  Overlord  
  69  6:22  Overlord  
  71  6:42  Grooved Spines  
  71  6:43  Drone  
  71  6:44  Drone  
  73  6:51  Roach Warren  
  73  6:52  Hydralisk x6  
  73  6:53  Hydralisk x4  
  92  6:55  Queen  
  94  7:35  Infestation Pit  
  93  7:46  Drone x6  
  93  7:47  Drone x5, Overlord  
  93  7:48  Overlord x4  
  93  7:49  Drone  
  93  7:50  Drone x2  
  107  7:54  Muscular Augments  
  107  8:13  Spore Crawler  
  107  8:15  Spore Crawler  
  107  8:16  Spore Crawler  
  104  8:20  Spine Crawler  
  104  8:22  Spine Crawler x2  
  104  8:23  Spore Crawler  
  104  8:26  Spore Crawler  
  99  8:27  Roach  
  99  8:28  Roach x12  
  124  9:03  Spire  
  124  9:07  Hydralisk x7  
  124  9:08  Hydralisk x7  
  151  9:12  Zerg Ground Armor Level 2  
  151  9:13  Zerg Missile Weapons Level 2  
  151  9:30  Overlord x3  
  151  9:31  Overlord x2  
  151  9:39  Extractor  
  151  9:40  Extractor  
  149  9:47  Burrow  
  149  9:51  Hive  
  149  10:45  Drone x2  
  149  10:46  Drone x2  
  153  11:24  Swarm Host x12  
  189  11:28  Overlord x3  
  183  11:58  Swarm Host x5  
  198  12:26  Zerg Ground Armor Level 3  
  198  12:27  Zerg Missile Weapons Level 3  
  198  13:11  Greater Spire  
  198  13:55  Hydralisk x13  
  193  15:00  Hydralisk x6  
  193  15:01  Hydralisk x2  
  193  15:02  Hydralisk x3  
  193  15:03  Hydralisk  
  193  15:04  Zerg Melee Weapons Level 1, Hydralisk x2  
  193  15:05  Hydralisk x2  
  193  15:06  Hydralisk x3  
  193  15:07  Hydralisk  
  199  15:08  Hydralisk x3  
  199  15:09  Hydralisk  
  199  15:10  Hydralisk x2  
  199  15:11  Hydralisk  
  199  15:12  Hydralisk  
  185  15:33  Corruptor x7  
  185  16:32  Zergling x28  
  195  16:33  Zergling x10  
  200  16:49  Hatchery  
  199  17:02  Hatchery  
  165  18:11  Hydralisk  
  165  18:12  Hydralisk x21  
  178  18:13  Hydralisk x2  
  178  18:14  Hydralisk  
  178  18:16  Hydralisk x3  
  151  18:56  Swarm Host  
  151  18:57  Corruptor x7  
  164  19:15  Extractor  
  164  19:16  Extractor  
  78  20:39  Zergling x18  
  87  21:02  Corruptor  
  86  21:37  Hatchery  
  85  21:43  Drone x3  
  85  21:46  Drone x3  
  91  22:43  Extractor x2  
  89  22:49  Extractor  
  88  22:51  Extractor  
  87  23:31  Hatchery  
  68  23:42  Hydralisk x15  
Show
View Real Time Build Order
Export as new Build Order

Mesrob Terran - Winner!

Build Orders: Mech 

Get SALT Encoding   

  12  0:00  SCV  
  13  0:12  SCV  
  14  0:18  Supply Depot  
  14  0:25  SCV  
  15  0:40  SCV  
  15  0:41  Barracks  
  16  0:50  Refinery  
  16  0:52  SCV  
  17  1:04  SCV  
  18  1:16  SCV  
  19  1:29  Orbital Command  
  19  1:39  Command Center  
  19  1:42  Marine  
  20  1:55  SCV  
  21  2:11  Bunker  
  21  2:14  Factory  
  21  2:16  Barracks Tech Lab  
  21  2:19  SCV  
  22  2:31  SCV  
  23  2:41  Supply Depot  
  23  2:51  SCV  
  24  2:52  Refinery  
  24  2:55  Orbital Command  
  24  3:09  Engineering Bay  
  24  3:13  Siege Tank  
  24  3:14  Marine  
  28  3:21  Supply Depot, SCV  
  28  3:24  SCV  
  30  3:33  SCV  
  31  3:45  Siege Tank  
  31  3:46  Supply Depot  
  34  3:48  SCV  
  35  4:02  Refinery  
  35  4:03  SCV  
  35  4:05  SCV  
  37  4:14  Armory  
  37  4:15  SCV  
  38  4:17  Siege Tank, SCV  
  42  4:26  Marine  
  42  4:28  SCV  
  42  4:29  SCV  
  45  4:38  Refinery  
  45  4:41  SCV  
  46  4:49  Siege Tank  
  49  4:53  SCV  
  49  4:59  Command Center  
  50  5:04  Terran Vehicle Weapons Level 1  
  50  5:05  Factory  
  50  5:37  Thor  
  56  5:44  Missile Turret  
  56  5:49  Missile Turret  
  56  5:50  SCV  
  56  5:51  SCV  
  58  6:02  SCV  
  58  6:03  SCV  
  60  6:10  Factory Reactor  
  60  6:14  Factory, SCV  
  60  6:15  SCV  
  62  6:19  Factory  
  62  6:26  SCV  
  62  6:27  SCV  
  64  6:38  SCV  
  64  6:39  Missile Turret, SCV  
  66  6:42  Thor  
  72  6:48  Marine  
  72  6:50  Planetary Fortress  
  72  6:54  Hellbat x2  
  77  7:01  Supply Depot, Missile Turret  
  77  7:09  Supply Depot  
  77  7:14  Supply Depot  
  77  7:23  SCV x2  
  77  7:25  Thor  
  85  7:30  SCV  
  85  7:32  Supply Depot  
  85  7:35  SCV x2  
  88  7:37  Factory Tech Lab x2, Supply Depot  
  88  7:39  Hellbat x2  
  88  7:42  SCV  
  93  7:47  SCV x2  
  93  7:50  Terran Vehicle And Ship Armor Level 1  
  95  7:52  Refinery  
  95  7:56  Supply Depot  
  95  7:57  Refinery  
  95  8:00  SCV  
  95  8:01  Supply Depot, SCV x2  
  98  8:07  Thor  
  98  8:08  Thor  
  98  8:12  Hellbat x2, SCV  
  115  8:20  Armory  
  115  8:24  Supply Depot  
  115  8:25  Thor  
  121  8:33  Hellbat x2  
  125  8:46  Supply Depot  
  125  8:54  Thor x2  
  137  8:56  Hellbat x2  
  141  9:08  Supply Depot  
  141  9:12  Factory  
  141  9:16  Thor  
  147  9:30  Supply Depot  
  147  9:34  SCV x3  
  150  9:44  Terran Vehicle Weapons Level 2  
  150  9:46  SCV x3  
  150  9:51  Command Center  
  153  9:54  Supply Depot  
  153  9:57  Terran Vehicle And Ship Armor Level 2  
  153  9:58  SCV x3  
  156  10:10  SCV  
  156  10:11  SCV  
  158  10:17  Supply Depot  
  158  10:23  Sensor Tower  
  158  10:25  Refinery, Factory Tech Lab, Factory  
  158  10:26  Refinery  
  158  10:27  Thor x3  
  176  10:29  Hellbat x2  
  180  10:43  SCV x2  
  182  11:05  Planetary Fortress  
  182  11:08  Sensor Tower  
  182  11:10  Command Center  
  182  11:20  Starport  
  174  11:42  Sensor Tower  
  174  11:57  Starport  
  174  12:20  Missile Turret  
  174  12:33  Starport, Factory Reactor  
  174  12:35  Thor  
  174  12:36  Thor x3  
  198  12:38  Hellbat  
  200  13:12  Starport  
  200  13:16  Command Center  
  198  13:49  Starport  
  198  13:52  Command Center  
  177  14:15  Thor x3  
  186  14:17  Hellbat  
  188  14:25  Supply Depot  
  188  14:27  Starport, Hellbat, Thor  
  188  14:29  Starport Tech Lab  
  188  14:30  Starport Tech Lab x3  
  196  14:35  Fusion Core  
  196  14:37  Hellbat  
  196  14:38  Hellbat  
  200  14:47  Supply Depot  
  198  14:59  Hellbat x3  
  154  15:10  Hellbat, SCV  
  154  15:11  SCV x2  
  154  15:12  Supply Depot  
  154  15:13  Refinery  
  130  15:16  Planetary Fortress  
  115  15:27  Thor x3  
  125  15:30  Hellbat x3  
  125  15:31  Hellbat, Thor  
  139  15:39  Supply Depot  
  139  15:42  Starport Tech Lab  
  139  15:43  Starport Tech Lab  
  139  15:52  Hellbat x4  
  147  16:05  Supply Depot  
  147  16:10  Thor x3  
  165  16:13  Hellbat x2  
  165  16:14  Thor  
  129  16:36  Battlecruiser x2  
  129  16:37  Battlecruiser x2  
  153  16:42  Battlecruiser  
  159  16:53  Thor x2  
  171  16:59  Battlecruiser  
  171  17:00  Refinery  
  171  17:25  Refinery  
  164  17:40  Thor x3  
  164  17:42  Hellbat x2  
  164  17:43  Hellbat x2  
  140  18:25  Thor x2  
  140  18:26  Hellbat  
  152  18:27  Hellbat x2  
  140  19:02  Planetary Fortress  
  134  19:15  Battlecruiser  
  132  19:32  Command Center  
  112  20:01  Orbital Command  
  112  20:11  Battlecruiser x2  
  112  20:12  Battlecruiser  
  90  20:54  Planetary Fortress  
  90  20:57  Thor  
  84  21:21  Thor  
  84  21:22  Thor  
  84  21:24  Hellbat x5  
  106  21:35  SCV  
  106  21:38  SCV x2  
  109  21:40  Hellbat  
  109  21:45  Hellbat  
  109  21:46  Hellbat x2, Battlecruiser  
  123  21:47  SCV  
  123  21:48  Battlecruiser  
  123  21:50  SCV x2  
  123  21:52  Hellbat x2  
  136  21:59  SCV  
  137  22:02  Hellbat  
  137  22:07  Refinery  
  139  22:11  Refinery  
  139  22:38  Command Center  
  139  22:48  Refinery x2  
  139  22:49  Thor x3  
  157  22:53  Battlecruiser  
  163  23:24  Thor  
  181  23:42  Hellbat x5  
Tags
 
Composition
MechSwarm Host
League
GoldGold
Matchup
TvZ
Replay Pack
sc2 replays
Spawn Locations
Cross Positions
Add a new tag
Caveats
  • Supply blocks, unpowered buildings, or Contaminate may cause inaccurate times.
  • Supply counts are checked every 10 seconds.